[Event "Titled Tuesday Blitz July 4 Late 2023"]
[White "Ghazarian, Kirk"]
[Black "Womacka, Mathias"]
[WhiteFideId "30908604"]
[BlackFideId "4611390"]
[WhiteElo "2734"]
[BlackElo "2515"]
[Result "1-0"]
[Round "2"]
[TimeControl "180+2"]
[Date "2023.07.04"]
[WhiteClock "0:00:11"]
[BlackClock "0:00:00"]
[Board "54"]

1. e4 c5 2. b3 d6 3. Bb2 Nf6 4. Qe2 g6 5. g3 Bg7 6. Bg2 O-O 7. Nc3 Nc6 8. Nf3 Bg4 9. h3 Nd4 10. Qd1 Bxf3 11. Bxf3 Rc8 12. Bg2 b5 13. O-O b4 14. Ne2 Nd7 15. c3 Nxe2+ 16. Qxe2 bxc3 17. dxc3 c4 18. Kh2 cxb3 19. axb3 Bxc3 20. Rxa7 Bxb2 21. Qxb2 Rc7 22. Rxc7 Qxc7 23. b4 Rb8 24. Rb1 h5 25. b5 h4 26. gxh4 d5+ 27. Kh1 dxe4 28. Bxe4 Qf4 29. Bg2 Qxh4 30. Qd2 Nb6 31. Rb4 Qf6 32. Rd4 e6 33. Qe3 Kg7 34. Kh2 Nc8 35. Rf4 Qb2 36. Bc6 Ne7 37. Qf3 Nf5 38. Qe4 Rd8 39. Qb4 Rd2 40. Qxb2+ Rxb2 41. Kg1 Kf6 42. Ra4 Ke5 43. Ra7 f6 44. Bd7 Nd4 45. Ra6 g5 46. Kg2 Nxb5 47. Ra5 Kf4 48. Bxb5 f5 49. Ra4+ Ke5 50. Bc4 Rb6 51. Ra5+ Kf6 52. Ba2 Rc6 53. Rb5 Ra6 54. Bb3 Rc6 55. Rb8 Ra6 56. Rc8 Rb6 57. Bc4 Rc6 58. Rxc6 1-0


[Site "https://www.chess.com"]

[Event "Titled Tuesday Blitz July 4 Late 2023"]
[White "Fernandez Guillen, Ernesto J."]
[Black "Mazarini41"]
[WhiteFideId "3512428"]
[WhiteElo "2726"]
[BlackElo "2513"]
[Result "1-0"]
[Round "2"]
[TimeControl "180+2"]
[Date "2023.07.04"]
[WhiteClock "0:02:13"]
[BlackClock "0:00:54"]
[Board "55"]

1. e4 e5 2. Nf3 Nc6 3. d4 exd4 4. Bc4 Nf6 5. O-O Nxe4 6. Re1 d5 7. Bxd5 Qxd5 8. Nc3 Qa5 9. Nxe4 Be6 10. Bd2 Qd5 11. Bg5 h6 12. Bf6 Qf5 13. Nxd4 Nxd4 14. Qxd4 Be7 15. Bxe7 Kxe7 16. Qb4+ Ke8 17. Qxb7 Rc8 18. Nd6+ 1-0


[Site "https://www.chess.com"]

[Event "Titled Tuesday Blitz July 4 Late 2023"]
[White "Principe, Alexander"]
[Black "Ozer, Omer Faruk"]
[WhiteFideId "3804542"]
[BlackFideId "6354564"]
[WhiteElo "2512"]
[BlackElo "2722"]
[Result "0-1"]
[Round "2"]
[TimeControl "180+2"]
[Date "2023.07.04"]
[WhiteClock "0:00:43"]
[BlackClock "0:01:20"]
[Board "56"]

1. e4 c5 2. Nf3 e6 3. d4 cxd4 4. Nxd4 a6 5. Nc3 b5 6. Be3 Bb7 7. f3 Nc6 8. Qd2 Qc7 9. Be2 Nf6 10. g4 Nxd4 11. Bxd4 Bd6 12. O-O-O Rc8 13. Kb1 Bf4 14. Qd3 d6 15. h4 O-O 16. a3 Nd7 17. g5 Ne5 18. Bxe5 Bxe5 19. Na2 a5 20. c3 Ba6 21. h5 Rb8 22. g6 b4 23. Qxa6 bxc3 24. Bd3 Rxb2+ 25. Ka1 c2 26. Qc8 Rb1# 0-1


[Site "https://www.chess.com"]

[Event "Titled Tuesday Blitz July 4 Late 2023"]
[White "Hamitevici, Vladimir"]
[Black "Ashraf, Artin"]
[WhiteFideId "13902393"]
[BlackFideId "22514805"]
[WhiteElo "2493"]
[BlackElo "2713"]
[Result "0-1"]
[Round "2"]
[TimeControl "180+2"]
[Date "2023.07.04"]
[WhiteClock "0:00:01"]
[BlackClock "0:00:03"]
[Board "57"]

1. e4 c5 2. Nf3 d6 3. Nc3 a6 4. Be2 Nf6 5. O-O Nc6 6. d4 cxd4 7. Nxd4 e6 8. Be3 Bd7 9. f4 Be7 10. Kh1 O-O 11. Bf3 Rc8 12. Qe1 b5 13. a3 Qc7 14. Rd1 Nxd4 15. Bxd4 e5 16. Be3 a5 17. fxe5 dxe5 18. Bg5 Bc6 19. Qg3 Kh8 20. Nd5 Bxd5 21. exd5 Ne8 22. c3 f5 23. Rde1 Bxg5 24. Qxg5 Nd6 25. Qg3 e4 26. Be2 Qe7 27. Rd1 g6 28. Rd4 Rfe8 29. h4 Qe5 30. Qxe5+ Rxe5 31. g4 Rc5 32. gxf5 gxf5 33. Rfd1 f4 34. Bg4 Rc4 35. Be6 e3 36. Kg2 e2 37. Re1 Rxd4 38. cxd4 Re3 39. Bg4 Rg3+ 40. Kf2 Rxg4 41. Rxe2 Rg6 42. Re7 Rf6 43. Kf3 Kg8 44. Ra7 a4 45. h5 Rf7 46. Ra6 Rd7 47. Rc6 Kf7 48. Kxf4 Ke7 49. Ke5 Nc4+ 50. Ke4 Nxb2 51. Rh6 Kd8 52. d6 Nc4 53. Kd5 Rxd6+ 54. Rxd6+ Nxd6 55. Kc5 Kd7 56. h6 Kc7 57. Kd5 b4 0-1


[Site "https://www.chess.com"]

[Event "Titled Tuesday Blitz July 4 Late 2023"]
[White "Kushko, Dmitriy"]
[Black "Toniutti, Ezio"]
[WhiteFideId "14162261"]
[BlackFideId "113034"]
[WhiteElo "2710"]
[BlackElo "2490"]
[Result "1-0"]
[Round "2"]
[TimeControl "180+2"]
[Date "2023.07.04"]
[WhiteClock "0:01:01"]
[BlackClock "0:00:11"]
[Board "58"]

1. Nf3 d5 2. g3 Nf6 3. Bg2 c6 4. O-O Bf5 5. c4 e6 6. Qb3 Qb6 7. d3 Nbd7 8. cxd5 exd5 9. Qc2 Be7 10. Nc3 O-O 11. e4 Be6 12. Be3 Qa5 13. Nd4 Bg4 14. h3 c5 15. Nb3 Qd8 16. hxg4 d4 17. g5 Ng4 18. Nxd4 cxd4 19. Bxd4 Bxg5 20. Qe2 h5 21. e5 Re8 22. f4 Be7 23. Bxb7 Rb8 24. Bf3 Nc5 25. Nd5 Ne6 26. Bxa7 Bc5+ 27. Bxc5 Nxc5 28. d4 Ne6 29. Rad1 Qa5 30. b4 Qa3 31. Rd3 Qa6 32. Rfd1 Red8 33. Ne7+ Kf8 34. Nc6 Rbc8 35. Nxd8 Rxd8 36. d5 1-0


[Site "https://www.chess.com"]

[Event "Titled Tuesday Blitz July 4 Late 2023"]
[White "Pulvett Marin, Daniel Eduardo"]
[Black "Kazmin_Semyon"]
[WhiteFideId "3900410"]
[WhiteElo "2698"]
[BlackElo "2476"]
[Result "1-0"]
[Round "2"]
[TimeControl "180+2"]
[Date "2023.07.04"]
[WhiteClock "0:00:13"]
[BlackClock "0:00:09"]
[Board "59"]

1. e4 d5 2. exd5 Qxd5 3. Nc3 Qd8 4. d4 Nf6 5. Nf3 Bg4 6. h3 Bxf3 7. Qxf3 c6 8. g4 e6 9. g5 Nd5 10. Bd2 Nd7 11. Bc4 Be7 12. h4 b5 13. Bd3 Qb6 14. Nxd5 cxd5 15. c3 b4 16. h5 f5 17. gxf6 Bxf6 18. Kf1 bxc3 19. bxc3 Qb2 20. Rd1 O-O 21. Qe2 e5 22. Bf5 Rad8 23. h6 g6 24. Qg4 Qb5+ 25. Kg1 exd4 26. Re1 Kh8 27. Be6 dxc3 28. Bf4 c2 29. Rh3 Ne5 30. Rxe5 Bxe5 31. Bxe5+ 1-0


[Site "https://www.chess.com"]

[Event "Titled Tuesday Blitz July 4 Late 2023"]
[White "Molenda, Marcin"]
[Black "Shuvalova, Polina"]
[WhiteFideId "1173065"]
[BlackFideId "24171760"]
[WhiteElo "2475"]
[BlackElo "2692"]
[Result "0-1"]
[Round "2"]
[TimeControl "180+2"]
[Date "2023.07.04"]
[WhiteClock "0:00:02"]
[BlackClock "0:00:40"]
[Board "60"]

1. e4 c6 2. Nf3 d5 3. d3 g6 4. Nbd2 Bg7 5. g3 e5 6. Bg2 Ne7 7. O-O O-O 8. c3 h6 9. Re1 dxe4 10. dxe4 Be6 11. Qc2 Nd7 12. Nb3 a5 13. Be3 Qc7 14. Nc5 Nxc5 15. Bxc5 b6 16. Be3 Rfd8 17. Rad1 Kh7 18. b3 a4 19. Rxd8 Rxd8 20. Rd1 axb3 21. axb3 Ng8 22. Rd2 Rxd2 23. Nxd2 Nf6 24. f3 Nd7 25. Bf1 b5 26. c4 b4 27. Qa2 Qd6 28. Qa5 c5 29. g4 Bf6 30. Be2 Bg5 31. Nf1 Bxe3+ 32. Nxe3 Qd4 33. Kf2 Nf6 34. Qc7 Bxg4 35. fxg4 Nxe4+ 36. Kg2 Kg7 37. Bf3 Qd2+ 38. Kh1 Qe1+ 39. Kg2 Qf2+ 0-1


[Site "https://www.chess.com"]

[Event "Titled Tuesday Blitz July 4 Late 2023"]
[White "Papp, Levente"]
[Black "Rengifo Blancas, Renzo Jhonathan"]
[WhiteFideId "751243"]
[BlackFideId "3807185"]
[WhiteElo "2691"]
[BlackElo "2469"]
[Result "1-0"]
[Round "2"]
[TimeControl "180+2"]
[Date "2023.07.04"]
[WhiteClock "0:00:32"]
[BlackClock "0:00:07"]
[Board "61"]

1. b3 e5 2. Bb2 Nc6 3. c4 Nf6 4. g3 Bd6 5. Bg2 Qe7 6. Nc3 O-O 7. Nb5 b6 8. e3 Bb7 9. Ne2 Rfe8 10. O-O e4 11. Nxd6 Qxd6 12. d3 exd3 13. Nf4 Na5 14. Bxb7 Nxb7 15. Qxd3 Qxd3 16. Nxd3 Ne4 17. Rfd1 d6 18. Nf4 a5 19. Nd5 Rac8 20. f3 Nec5 21. e4 Nd8 22. Rd2 Nc6 23. Kg2 f6 24. h4 h5 25. Nf4 a4 26. bxa4 Nxa4 27. Nxh5 Ne5 28. Rc1 Nxb2 29. Rxb2 Nd3 30. Rcc2 Nxb2 31. Rxb2 Kf7 32. Nf4 Ra8 33. Nd5 Ra7 34. Kh3 Rea8 35. Rb1 Ke6 36. Kg4 Kd7 37. h5 Rxa2 38. h6 gxh6 39. Nxf6+ Kc6 40. Rh1 Rh8 41. Nd5 Ra4 42. Ne3 Ra5 43. f4 h5+ 44. Kf3 Ra3 45. f5 Kd7 46. Kf4 Rc3 47. g4 h4 48. g5 h3 49. g6 Ke7 50. Nd5+ Kf8 51. Nxc3 Kg7 52. Kg3 b5 53. Nxb5 Ra8 54. Rxh3 Ra4 55. Rh7+ Kf6 56. Kf4 Rxc4 57. Rf7# 1-0


[Site "https://www.chess.com"]

[Event "Titled Tuesday Blitz July 4 Late 2023"]
[White "Remolar Gallen, Jose"]
[Black "Matinian, Nikita"]
[WhiteFideId "2215187"]
[BlackFideId "24129100"]
[WhiteElo "2457"]
[BlackElo "2689"]
[Result "0-1"]
[Round "2"]
[TimeControl "180+2"]
[Date "2023.07.04"]
[WhiteClock "0:00:00"]
[BlackClock "0:00:35"]
[Board "62"]

1. e4 c5 2. Nf3 e6 3. d4 cxd4 4. Nxd4 Nc6 5. Nc3 Qc7 6. Be3 a6 7. Qd2 Nf6 8. f3 b5 9. g4 Ne5 10. Bf4 Bb4 11. Be2 O-O 12. h4 d6 13. h5 Nfd7 14. g5 Nb6 15. g6 Nbc4 16. Qc1 Nxb2 17. h6 fxg6 18. hxg7 Bxc3+ 19. Kf1 Rf7 20. Bxe5 dxe5 21. Rxh7 Kxh7 22. Qh6+ Kxh6 23. g8=Q Bb7 0-1


[Site "https://www.chess.com"]

[Event "Titled Tuesday Blitz July 4 Late 2023"]
[White "Nasuta, Grzegorz"]
[Black "Barski, Radoslaw"]
[WhiteFideId "1141686"]
[BlackFideId "1131710"]
[WhiteElo "2687"]
[BlackElo "2456"]
[Result "1-0"]
[Round "2"]
[TimeControl "180+2"]
[Date "2023.07.04"]
[WhiteClock "0:00:55"]
[BlackClock "0:00:09"]
[Board "63"]

1. e4 e5 2. Nf3 Nc6 3. Bc4 Bc5 4. O-O Nf6 5. d3 d6 6. c3 a6 7. Bb3 Ba7 8. Re1 O-O 9. h3 h6 10. Nbd2 Re8 11. Nf1 Be6 12. Bc2 d5 13. exd5 Bxd5 14. Ng3 Qd7 15. Nh4 Bc5 16. b4 Bf8 17. a4 g6 18. Qe2 Bg7 19. Ne4 Nh7 20. Nc5 Qc8 21. a5 g5 22. Nf3 f5 23. Nd2 b6 24. axb6 cxb6 25. Bb3 Bxb3 26. Ncxb3 Qc7 27. Nc4 e4 28. d4 f4 29. Ncd2 Qf7 30. Nxe4 Qxb3 31. Rxa6 Rxa6 32. Qxa6 Qc2 33. Qc4+ Kf8 34. Qxc6 Bf6 35. b5 Bg7 36. Ba3+ Kg8 37. Qxe8+ 1-0


[Site "https://www.chess.com"]

[Event "Titled Tuesday Blitz July 4 Late 2023"]
[White "KorolDimitriy75"]
[Black "Papasimakopoulos, Alexandros"]
[BlackFideId "4244125"]
[WhiteElo "2435"]
[BlackElo "2684"]
[Result "0-1"]
[Round "2"]
[TimeControl "180+2"]
[Date "2023.07.04"]
[WhiteClock "0:00:00"]
[BlackClock "0:00:17"]
[Board "64"]

1. d4 e6 2. c4 Nf6 3. Nc3 Bb4 4. Qc2 c5 5. dxc5 Bxc5 6. Nf3 Qb6 7. e3 Be7 8. Be2 a6 9. O-O Qc7 10. Rd1 b6 11. b3 Bb7 12. Bb2 d6 13. Rac1 Nbd7 14. Nd4 O-O 15. Bf1 Rfd8 16. h3 Rac8 17. Qb1 Nc5 18. b4 Nce4 19. Nxe4 Nxe4 20. Bd3 Nf6 21. Bf1 Be4 22. Bd3 Qb7 23. Bxe4 Nxe4 24. b5 axb5 25. cxb5 Rxc1 26. Rxc1 Nc5 27. Nc6 Ra8 28. a3 Bf8 29. Rd1 h6 30. Qc2 Ra4 31. Rd4 Rxd4 32. exd4 Nd7 33. a4 Nf6 34. Bc3 Nd5 35. Bd2 Be7 36. Qc4 Bf6 37. a5 bxa5 38. Bxa5 h5 39. b6 h4 40. Qb5 g5 41. Kf1 Kg7 42. Kg1 Kh6 43. Kf1 Bg7 44. Kg1 Bf6 45. Kf1 Nf4 46. Kg1 Bxd4 47. g3 hxg3 48. h4 gxh4 49. Bd2 Bxf2+ 50. Kf1 e5 51. Bxf4+ exf4 52. Qf5 Qa6+ 0-1


[Site "https://www.chess.com"]

[Event "Titled Tuesday Blitz July 4 Late 2023"]
[White "Mickiewicz, Piotr"]
[Black "benny_aizenberg"]
[WhiteFideId "1114891"]
[WhiteElo "2427"]
[BlackElo "2683"]
[Result "0-1"]
[Round "2"]
[TimeControl "180+2"]
[Date "2023.07.04"]
[WhiteClock "0:00:15"]
[BlackClock "0:00:10"]
[Board "65"]

1. e4 c5 2. Nf3 d6 3. Nc3 Nf6 4. d3 Nc6 5. g3 g6 6. Bg2 Bg7 7. O-O O-O 8. h3 Rb8 9. a4 a6 10. Be3 b5 11. axb5 axb5 12. Qd2 b4 13. Ne2 Bb7 14. Bh6 Qb6 15. g4 Rfd8 16. Bxg7 Kxg7 17. Ng3 Ne5 18. Nxe5 dxe5 19. f4 c4+ 20. Kh2 exf4 21. Qxf4 Qe6 22. d4 Nd7 23. Ra7 f6 24. h4 Qb6 25. Rxb7 Rxb7 26. c3 bxc3 27. bxc3 Ra7 28. e5 Ra2 29. Ne4 Rf8 30. h5 fxe5 31. h6+ Kg8 32. Qg5 Rxf1 33. Qxe7 Rf7 34. Qe8+ Nf8 35. Ng5 Qb7 36. Nxf7 Qxg2# 0-1


[Site "https://www.chess.com"]

[Event "Titled Tuesday Blitz July 4 Late 2023"]
[White "Kavyev, Ruslan"]
[Black "Federzoni, Enzo"]
[WhiteFideId "34110981"]
[BlackFideId "2173301"]
[WhiteElo "2683"]
[BlackElo "2418"]
[Result "0-1"]
[Round "2"]
[TimeControl "180+2"]
[Date "2023.07.04"]
[WhiteClock "0:00:45"]
[BlackClock "0:00:44"]
[Board "66"]

1. e4 c5 2. Nf3 d6 3. d4 cxd4 4. Nxd4 Nf6 5. Nc3 a6 6. a3 e5 7. Nf5 d5 8. Bg5 d4 9. Bxf6 gxf6 10. Nb1 Bxf5 11. exf5 Qd5 12. Nd2 Bh6 13. Nc4 Nd7 14. Bd3 Qxg2 15. Rf1 Nc5 16. Qe2 O-O 17. Nd2 Rac8 18. O-O-O Nb3+ 19. Kb1 Nxd2+ 20. Rxd2 Bxd2 21. Qxd2 e4 22. Qe1 exd3 23. Rg1 dxc2+ 24. Kc1 Qxg1 25. Qxg1+ Kh8 26. f4 Rfd8 27. Qe1 d3 28. Qd2 Rc4 29. h4 Re4 30. b4 Re2 31. Qc3 d2+ 0-1


[Site "https://www.chess.com"]

[Event "Titled Tuesday Blitz July 4 Late 2023"]
[White "Mikhalsky, Vladimir"]
[Black "Rastbod, Ali"]
[WhiteFideId "14144352"]
[BlackFideId "12567477"]
[WhiteElo "2416"]
[BlackElo "2681"]
[Result "0-1"]
[Round "2"]
[TimeControl "180+2"]
[Date "2023.07.04"]
[WhiteClock "0:00:00"]
[BlackClock "0:00:05"]
[Board "67"]

1. d4 d5 2. c4 e6 3. Nf3 a6 4. g3 dxc4 5. Bg2 b5 6. O-O Bb7 7. a4 Nf6 8. b3 cxb3 9. Qxb3 b4 10. a5 Nbd7 11. Nc3 Bxf3 12. Bxf3 bxc3 13. Bxa8 Qxa8 14. Qxc3 Bd6 15. f3 O-O 16. e4 e5 17. Be3 h5 18. Rfd1 h4 19. Kg2 Nxe4 20. fxe4 Qxe4+ 21. Kg1 hxg3 22. hxg3 exd4 23. Bxd4 Ne5 24. Rf1 f6 25. Rae1 Qd5 26. Rd1 Rb8 27. Bxe5 Qxe5 28. Qxe5 Bxe5 29. Rd5 Bxg3 30. Rc1 Kf7 31. Rc6 Ra8 32. Rd7+ Kg6 33. Kg2 Bd6 34. Kf3 Kh6 35. Kg4 g6 36. Rf7 f5+ 37. Kf3 Kg5 38. Rc1 Rb8 39. Rg1+ Kh6 40. Rf6 Rg8 41. Re6 Kh7 42. Rh1+ Kg7 43. Rc1 Kf7 44. Re2 Ra8 45. Rc6 g5 46. Rb2 g4+ 47. Kg2 Ke6 48. Re2+ Kd5 49. Rcc2 f4 50. Red2+ Ke6 51. Re2+ Kd7 52. Re4 f3+ 53. Kf2 Rg8 54. Rc1 c6 55. Rec4 c5 56. Rd1 Kc6 57. Re4 Rg6 58. Re8 c4 59. Rc8+ Kd7 60. Rxc4 Ke7 61. Re4+ Kd7 62. Red4 Kc6 63. Rc4+ Bc5+ 64. Kf1 g3 65. Ke1 g2 66. Kd2 f2 67. Ke2 g1=Q 0-1


[Site "https://www.chess.com"]

[Event "Titled Tuesday Blitz July 4 Late 2023"]
[White "Kanyamarala, Trisha"]
[Black "Stoleriu, George"]
[WhiteFideId "45004722"]
[BlackFideId "1227505"]
[WhiteElo "2383"]
[BlackElo "2663"]
[Result "0-1"]
[Round "2"]
[TimeControl "180+2"]
[Date "2023.07.04"]
[WhiteClock "0:00:11"]
[BlackClock "0:01:45"]
[Board "68"]

1. c4 e6 2. Nc3 b6 3. d4 Bb7 4. d5 Bb4 5. Bd2 Nf6 6. Nf3 O-O 7. dxe6 fxe6 8. e3 Nc6 9. Bd3 Ng4 10. O-O Nce5 11. Nxe5 Nxe5 12. Be4 Bxe4 13. Nxe4 Bxd2 14. Qxd2 Nxc4 15. Qd4 Na5 16. Rfd1 d5 17. Ng3 c5 18. Qe5 Qf6 19. Qc7 Rf7 20. Qd6 Rd8 21. Qf4 Qxf4 22. exf4 Rxf4 23. Re1 Kf7 24. Re3 Nc4 25. Re2 d4 26. Rd1 d3 27. Red2 Nxd2 28. Rxd2 Rc4 29. f3 Rc2 30. Rd1 Rxb2 31. Ne4 h6 32. Kf1 Rxa2 33. Ke1 Rxg2 34. Kf1 Rxh2 35. Ng3 c4 36. Rc1 d2 37. Rd1 c3 38. Ne2 c2 0-1


[Site "https://www.chess.com"]

[Event "Titled Tuesday Blitz July 4 Late 2023"]
[White "Katz, Alexander"]
[Black "financieru"]
[WhiteFideId "2039796"]
[WhiteElo "2662"]
[BlackElo "2381"]
[Result "1-0"]
[Round "2"]
[TimeControl "180+2"]
[Date "2023.07.04"]
[WhiteClock "0:01:27"]
[BlackClock "0:00:43"]
[Board "69"]

1. e4 c5 2. Nc3 e6 3. Nf3 a6 4. a4 d6 5. Bc4 Nf6 6. O-O Be7 7. d3 O-O 8. h3 b6 9. Bf4 Bb7 10. Bh2 Nc6 11. Re1 Re8 12. d4 cxd4 13. Nxd4 Rc8 14. Nxc6 Rxc6 15. Qd3 Qa8 16. Rad1 Rec8 17. Bb3 Rxc3 18. bxc3 Nxe4 19. Qe3 Nxc3 20. Rd3 Nd5 21. Qd2 b5 22. Bxd5 Bxd5 23. Rxd5 bxa4 24. Ra5 1-0


[Site "https://www.chess.com"]

[Event "Titled Tuesday Blitz July 4 Late 2023"]
[White "Fantastic_Power"]
[Black "Mindhunter08"]
[WhiteElo "2660"]
[BlackElo "2379"]
[Result "1-0"]
[Round "2"]
[TimeControl "180+2"]
[Date "2023.07.04"]
[WhiteClock "0:00:08"]
[BlackClock "0:00:00"]
[Board "70"]

1. e4 e5 2. Nf3 Nc6 3. Bc4 Nf6 4. d4 exd4 5. O-O Nxe4 6. Re1 d5 7. Bxd5 Qxd5 8. Nc3 Qd7 9. Nxe4 Be7 10. Bg5 O-O 11. Bxe7 Qxe7 12. Nxd4 Bd7 13. Nc3 Qg5 14. Nf3 Qf5 15. Nh4 Qg4 16. Qxg4 Bxg4 17. Nd5 Rac8 18. c3 Be6 19. Nf4 Bc4 20. Nf3 Rfe8 21. b3 Ba6 22. h3 Kf8 23. Nd5 Red8 24. c4 b5 25. cxb5 Bxb5 26. Nc3 Bd3 27. Rad1 Bg6 28. Nd5 Rd6 29. Ne3 Rcd8 30. Rc1 R8d7 31. Rc5 Nb4 32. Ne5 Re7 33. a3 Na6 34. Ra5 f6 35. Nxg6+ hxg6 36. Rc1 f5 37. g3 Kf7 38. b4 Nb8 39. Rxa7 Nc6 40. Ra6 Nd4 41. Rxd6 cxd6 42. Kg2 Ra7 43. Ra1 Nb3 44. Ra2 Nc1 45. Rc2 Nd3 46. Nc4 d5 47. Nd6+ Ke6 48. Nb5 Rb7 49. Nd4+ Ke5 50. Nf3+ Kf6 51. Rd2 Ne5 52. Rxd5 Nc4 53. Rd3 g5 54. Nd2 Ne5 55. Rc3 g4 56. hxg4 fxg4 57. Rb3 Ke6 58. b5 Kf5 59. a4 Rd7 60. Nf1 Nf3 61. b6 Ne1+ 62. Kh1 Rd8 63. Ne3+ Kg5 64. Rb5+ Kg6 65. Nxg4 Nf3 66. Kg2 Ne1+ 67. Kf1 Nf3 68. Ne5+ Nxe5 69. Rxe5 Rd1+ 70. Kg2 Rb1 71. Rb5 Ra1 72. b7 Rxa4 73. b8=Q 1-0


[Site "https://www.chess.com"]

[Event "Titled Tuesday Blitz July 4 Late 2023"]
[White "Kovacsy, Barnabas"]
[Black "Aldokhin, Ivan"]
[WhiteFideId "769290"]
[BlackFideId "24115720"]
[WhiteElo "2367"]
[BlackElo "2659"]
[Result "0-1"]
[Round "2"]
[TimeControl "180+2"]
[Date "2023.07.04"]
[WhiteClock "0:00:01"]
[BlackClock "0:00:08"]
[Board "71"]

1. e4 c5 2. Nf3 e6 3. d4 cxd4 4. Nxd4 a6 5. Bd3 Qc7 6. c4 Nf6 7. Nc3 d6 8. O-O g6 9. Qe2 Bg7 10. Kh1 O-O 11. f4 Nc6 12. Nxc6 bxc6 13. f5 Nd7 14. Bg5 Re8 15. Rac1 Rb8 16. Qf2 Ne5 17. fxg6 fxg6 18. Bb1 c5 19. b3 Bd7 20. Qh4 Bc6 21. Bf6 Rf8 22. Be7 Rxf1+ 23. Rxf1 Re8 24. Bg5 Rf8 25. Rxf8+ Bxf8 26. Ne2 Qb7 27. Bf6 Nxc4 28. Nf4 Nd2 29. Nxe6 Nxb1 30. Nxf8 Kxf8 31. Bb2 Qe7 32. Qh6+ Ke8 33. Qc1 Qxe4 34. Qg1 Nd2 35. Bc3 Nf3 36. gxf3 Qxf3+ 0-1


[Site "https://www.chess.com"]

[Event "Titled Tuesday Blitz July 4 Late 2023"]
[White "Andrej2004"]
[Black "Abduzhaparov"]
[WhiteElo "2659"]
[BlackElo "2366"]
[Result "1-0"]
[Round "2"]
[TimeControl "180+2"]
[Date "2023.07.04"]
[WhiteClock "0:00:14"]
[BlackClock "0:00:00"]
[Board "72"]

1. g3 d6 2. Bg2 e5 3. b3 Be7 4. Bb2 Nc6 5. d3 h5 6. h3 h4 7. g4 f5 8. gxf5 Bxf5 9. c4 Qd7 10. Nc3 Nf6 11. Qd2 Nh5 12. e3 Bg5 13. Nge2 O-O-O 14. O-O-O Nd4 15. Kb1 Nxe2 16. Qxe2 Nf6 17. a3 Rhe8 18. Ka2 e4 19. d4 Bg6 20. Rhg1 Bh5 21. Qc2 Bxd1 22. Rxd1 Qf5 23. b4 d5 24. c5 Rf8 25. Qa4 Kb8 26. Rd2 Qc8 27. Bf1 Ne8 28. c6 Bxe3 29. cxb7 Qxb7 30. Ba6 Bxd2 31. Bxb7 Bxc3 32. Bc6 Nd6 33. Bxc3 Rxf2+ 34. Kb3 e3 35. Bxd5 e2 36. Qc6 Kc8 37. Be6+ Kb8 38. a4 Rf1 39. a5 e1=Q 40. Bxe1 Rxe1 41. Bd5 Kc8 42. a6 Re3+ 43. Kc2 Re2+ 44. Kd3 Rde8 45. Qa8+ Kd7 46. Bc6+ Ke7 47. Bxe8 Re3+ 48. Kxe3 1-0


[Site "https://www.chess.com"]

[Event "Titled Tuesday Blitz July 4 Late 2023"]
[White "Taranenko, Evgueniy"]
[Black "Salimova, Nurgyul"]
[WhiteFideId "14122138"]
[BlackFideId "2915138"]
[WhiteElo "2359"]
[BlackElo "2659"]
[Result "1-0"]
[Round "2"]
[TimeControl "180+2"]
[Date "2023.07.04"]
[WhiteClock "0:00:24"]
[BlackClock "0:00:00"]
[Board "73"]

1. e4 c6 2. d4 d5 3. e5 Bf5 4. Nc3 e6 5. g4 Bg6 6. Nge2 c5 7. h4 h5 8. Nf4 Bh7 9. g5 cxd4 10. Nb5 Nc6 11. Qxh5 g6 12. Qd1 Bb4+ 13. Bd2 Bxd2+ 14. Qxd2 Nge7 15. Bh3 Nxe5 16. O-O-O Qb6 17. Qxd4 Qxd4 18. Nxd4 Rc8 19. Rhe1 Nc4 20. b3 Nd6 21. Re2 O-O 22. Kb2 Nef5 23. Nxf5 gxf5 24. c4 Ne4 25. h5 dxc4 26. g6 fxg6 27. hxg6 c3+ 28. Kc2 Bxg6 29. Nxg6 Rf7 30. Nf4 Rh7 31. Rg1+ Kf7 32. f3 Nf6 33. Nxe6 Rh5 34. Ng5+ Kf8 35. Bxf5 Rc5 36. Ne6+ Kf7 37. Nxc5 Rxf5 38. Ne4 Nd5 39. Nd6+ Kf6 40. Nxf5 Kxf5 41. Re4 a5 42. Rh1 Nb4+ 43. Rxb4 axb4 44. Rh4 1-0


[Site "https://www.chess.com"]

[Event "Titled Tuesday Blitz July 4 Late 2023"]
[White "Garmendiarov"]
[Black "Fisher_TheGalactic"]
[WhiteElo "2340"]
[BlackElo "2654"]
[Result "0-1"]
[Round "2"]
[TimeControl "180+2"]
[Date "2023.07.04"]
[WhiteClock "0:00:01"]
[BlackClock "0:01:12"]
[Board "74"]

1. d4 b6 2. e4 Bb7 3. Bd3 Nf6 4. Qe2 e6 5. Nf3 d5 6. e5 Nfd7 7. O-O c5 8. c3 Nc6 9. a3 Be7 10. b4 Qc7 11. Re1 h6 12. h3 O-O-O 13. bxc5 bxc5 14. Ba6 Nb6 15. Bxb7+ Kxb7 16. Nbd2 Ka8 17. Nb3 c4 18. Nc5 Bxc5 19. dxc5 Na4 20. Qe3 Na5 21. Nd4 Rb8 22. Qg3 g6 23. Qh4 Nxc5 24. Bxh6 Nd3 25. Re3 Rb2 26. Rf1 Nb7 27. Qg5 Nbc5 28. Bg7 Rhb8 29. Rf3 Ne4 30. Qh6 Rb1 31. Rxb1 Rxb1+ 32. Kh2 Ndxf2 33. Qh8+ Rb8 34. Qh4 Nd3 35. Bf6 Nxe5 36. Bxe5 Qxe5+ 37. Qf4 Qxf4+ 38. Rxf4 e5 39. Rxf7 exd4 40. cxd4 c3 41. Rc7 Rb2 42. h4 c2 43. Kh3 Nf2+ 44. Kg3 Nd3 45. Rc8+ Kb7 46. Rc3 c1=Q 47. Rxd3 Qe1+ 48. Kg4 Qe4+ 0-1


[Site "https://www.chess.com"]

[Event "Titled Tuesday Blitz July 4 Late 2023"]
[White "Guerra Tulcan, Lenin"]
[Black "Shapiro, Daniel"]
[WhiteFideId "3601382"]
[BlackFideId "2001780"]
[WhiteElo "2654"]
[BlackElo "2337"]
[Result "1-0"]
[Round "2"]
[TimeControl "180+2"]
[Date "2023.07.04"]
[WhiteClock "0:00:22"]
[BlackClock "0:00:00"]
[Board "75"]

1. e4 e5 2. Nf3 Nc6 3. Bb5 a6 4. Ba4 Nf6 5. Qe2 b5 6. Bb3 Bd6 7. c3 Bb7 8. O-O O-O 9. Rd1 Re8 10. d3 Na5 11. Bc2 c5 12. Nbd2 Bf8 13. Nf1 d5 14. Bg5 d4 15. Ng3 g6 16. cxd4 cxd4 17. a3 Nc6 18. Bb3 h6 19. Bd2 a5 20. h4 a4 21. Ba2 b4 22. axb4 Nxb4 23. Bxb4 Bxb4 24. h5 Kg7 25. Nh4 Qd7 26. Rdc1 Ba6 27. Bc4 Be7 28. Bxf7 Kxf7 29. hxg6+ Kg8 30. Nhf5 Bf8 31. Nh5 Nxh5 32. Qxh5 Bxd3 33. f3 Ra7 34. Kf2 Qd8 35. Nxh6+ Bxh6 36. Qxh6 Qf6 37. Rh1 Qg7 38. Qg5 Ra6 39. Rh6 Rae6 40. Rah1 Bc2 41. Rh8+ 1-0


[Site "https://www.chess.com"]

[Event "Titled Tuesday Blitz July 4 Late 2023"]
[White "el_sporco"]
[Black "Jeet, Jain"]
[BlackFideId "5073022"]
[WhiteElo "2330"]
[BlackElo "2653"]
[Result "1-0"]
[Round "2"]
[TimeControl "180+2"]
[Date "2023.07.04"]
[WhiteClock "0:00:26"]
[BlackClock "0:00:58"]
[Board "76"]

1. e4 c6 2. d4 d5 3. Nd2 dxe4 4. Nxe4 Nf6 5. Nxf6+ gxf6 6. c3 Rg8 7. Nf3 Bf5 8. g3 e6 9. Bg2 Nd7 10. O-O Bd6 11. Re1 Qc7 12. b4 h5 13. Nh4 Bg4 14. Qd3 e5 15. Nf5 Bxf5 16. Qxf5 O-O-O 17. d5 c5 18. Be3 Kb8 19. Qxh5 cxb4 20. cxb4 Bxb4 21. Rec1 Qa5 22. Qxf7 Rge8 23. Bh3 Re7 24. Qh5 Qxd5 25. Rd1 Qc6 26. Rab1 a5 27. a3 Bxa3 28. Bg2 e4 29. Qxa5 1-0


[Site "https://www.chess.com"]